cohdb
Replays
Latest Replays
All Replays
Popular Replays
Top Player Replays
Match Explorer
How It Works
Community
CoH3 Stats
Reddit
Sign in to upload your games and track your stats! →
Sign in with Steam
Match 45444137
Unlisted
Match 45444137
Overview
Messages
Build Orders
End
Selects Italian Combined Arms Battlegroup
Selects Bersaglieri Squad
Bersaglieri Squad
250 Light Carrier
Bersaglieri Squad
Construct Light Support Kompanie
Selects Bersaglieri Bolster
2.5-tonne Medical Truck
MG34 Team
Construct Mechanized Kompanie
Selects Breda Model 30 Light Machine Guns
Panzerjäger Mechanized Group
Cemenbi4
Keos
SneaKerz
gb_gbg
0
0
Comments
sign in to comment!
No comments posted yet!